 Dungeon Crawl Stone Soup version 0.25-a0-940-gc6eaff51cc (webtiles) character file.

Game seed: 14498077726639369254, levelgen mode: deterministic

46 Hasart the Magician (level 3, 0/19 HPs)
             Began as a Deep Elf Wizard on May 6, 2020.
             Slain by a hobgoblin (5 damage)
             ... on level 2 of the Dungeon.
             The game lasted 00:02:54 (1262 turns).

Hasart the Magician (Deep Elf Wizard)               Turns: 1262, Time: 00:02:55

Health: 0/19       AC:  2    Str:  4    XL:     3   Next: 46%
Magic:  3/11       EV: 13    Int: 23    God:
Gold:   61         SH:  0    Dex: 13    Spells: 3/11 levels left

rFire    . . .     SeeInvis .   j - +1 hand axe (vorpal)
rCold    . . .     Gourm    .   (no shield)
rNeg     . . .     Faith    .   a - +0 robe
rPois    .         Spirit   .   b - +0 hat
rElec    .         Reflect  .   h - scarf {cloud immunity}
rCorr    .         Harm     .   (no gloves)
MR       .....                  (no boots)
Stlth    ++........             (no amulet)
HPRegen  0.06/turn              (no ring)
MPRegen  0.12/turn              (no ring)

@: lethally poisoned (0 -> -3)
A: no striking features
a: no special abilities


You were on level 2 of the Dungeon.
You were not hungry.

You visited 1 branch of the dungeon, and saw 2 of its levels.

You collected 61 gold pieces.

Inventory:

Hand Weapons
 f - a +0 dagger
 j - a +1 vorpal hand axe (weapon)
Armour
 a - a +0 robe (worn)
 b - a +0 hat (worn)
 h - a scarf of cloud immunity (worn)
Scrolls
 c - a scroll of immolation {unknown}
 g - a scroll of amnesia {unknown}
 i - a scroll of teleportation {unknown}
 l - a scroll of remove curse {unknown}
 m - 2 scrolls of identify {unknown}
 n - a scroll of enchant armour {unknown}
 p - a scroll of random uselessness {unknown}
Potions
 e - a potion of mutation {unknown}
 o - a potion of might {unknown}
Comestibles
 d - 4 rations


   Skills:
 + Level 3.1 Dodging
 - Level 2.4 Stealth
 + Level 4.8 Spellcasting
 * Level 2.6 Conjurations
 + Level 1.1 Summonings
 + Level 1.2 Translocations
 + Level 0.1 Air Magic
 + Level 0.2 Poison Magic


You had 3 spell levels left.
You knew the following spells:

 Your Spells              Type           Power        Failure   Level  Hunger
a - Magic Dart            Conj           ###.         3%          1    None
b - Call Imp              Summ           ##......     9%          2    None
c - Blink                 Tloc           N/A          9%          2    None
d - Mephitic Cloud        Conj/Pois/Air  ##......     19%         3    ##.....

Your spell library contained the following spells:

 Spells                   Type           Power        Failure   Level  Hunger
 Slow                     Hex            #.......     14%         2    None
 Conjure Flame            Conj/Fire      ##......     17%         3    ##.....


Dungeon Overview and Level Annotations

Branches:
Dungeon (2/15)

Altars:
Nemelex Xobeh


Message History

You are poisoned.
The adder poisons you! The hobgoblin misses you. The adder bites you.
Casting: Magic Dart (safe; 3% risk of failure)
Confirm with . or Enter, or press ? or * to list all spells.
Aiming: Magic Dart (safe; 3% risk of failure)
Press: ? - help, Shift-Dir - straight line, f/p - adder
Aim: an adder (almost dead)
The magic dart hits the adder.
You kill the adder!
You feel sick. The hobgoblin hits you.
* * * LOW HITPOINT WARNING * * *
Casting: Magic Dart (safe; 3% risk of failure)
Confirm with . or Enter, or press ? or * to list all spells.
Aiming: Magic Dart (safe; 3% risk of failure)
Press: ? - help, Shift-Dir - straight line, f - frilled lizard
Aim: a frilled lizard The magic dart hits the frilled lizard.
You kill the frilled lizard!
The hobgoblin hits you.
You die...

#..#...)######.......########
#...#### #.####.........#
##...# #.# #.#######..
##+###..#.# ##.####.#
.#.##..##..######....)..#
.#....## #..........#####
..##.## ######.#.....# #.#..#
#...###.# #...## #@### # #...
#g.# #.### #..# #.# .).. #รท#
. ....# ..######...##....#
....<.............
#.######...#..##.. #.# #


You could see a hobgoblin.

Vanquished Creatures
  2 adders (D:2)
  An ooze (D:2)
  A leopard gecko (D:1)
  2 giant cockroaches (D:2)
  2 goblins
  5 hobgoblins
  2 kobolds (D:1)
  A quokka (D:2)
  A ball python (D:2)
  2 frilled lizards
  5 rats
24 creatures vanquished.

Notes
Turn   | Place    | Note
-------+----------+-------------------------------------------
     0 | D:1      | Hasart the Deep Elf Wizard began the quest for the Orb.
     0 | D:1      | Reached XP level 1. HP: 10/10 MP: 7/7
   526 | D:1      | Reached XP level 2. HP: 15/15 MP: 6/9
  1002 | D:2      | Reached XP level 3. HP: 16/19 MP: 2/11
  1006 | D:2      | Learned a level 2 spell: Call Imp
  1009 | D:2      | Learned a level 2 spell: Blink
  1013 | D:2      | Learned a level 3 spell: Mephitic Cloud
  1096 | D:2      | Found a sparkling altar of Nemelex Xobeh.
  1262 | D:2      | Slain by a hobgoblin

Levels and vault maps discovered:
D:1:      mrwooster_arrival_arrow, layout_rooms
D:2:      layout_rooms, dk_noncrumbling_2, nemelex_lonely_heart_becter

Skill      XL: |  1  2 |
---------------+-------+-----
Conjurations   | 2 |  2.6
Dodging        | 3 |  3.1
Stealth        | |  2.4
Spellcasting   | |  4.8
Summonings     | |  1.1
Translocations | |  1.2
Air Magic      | |  0.1
Poison Magic   | |  0.2

Action                   || total
-------------------------++-------
Melee: Hand axe          ||     1
 Cast: Magic Dart        ||    70
  Eat: Chunk             ||     1
Armor: Robe              ||     3
Dodge: Dodged            ||    16

Table legend:
 A = Non-vault XP
 B = Vault XP
 C = Vault XP percentage of total XP
 D = Non-vault monster count
 E = Vault monster count
 F = Vault count percentage of total count
                 A         B        C        D         E       F
            +---------+---------+-------+---------+---------+-------
      Total |      67 |       0 |   0.0 |      24 |       0 |   0.0
            +---------+---------+-------+---------+---------+-------
        D:1 |      19 |       0 |   0.0 |      11 |       0 |   0.0
        D:2 |      48 |       0 |   0.0 |      13 |       0 |   0.0
            +---------+---------+-------+---------+---------+-------
